 Dungeon Crawl Stone Soup version 0.30-a0-626-gd6a5dd7a1f (webtiles) character file.

Game seed: 10821596135159689140

874 Citaku the Covered (level 7, -1/54 (61) HPs)
             Began as a Minotaur Fighter on Jan 11, 2023.
             Slain by a wight
             ... wielding a +0 scimitar
              (7 damage)
             ... on level 5 of the Dungeon.
             The game lasted 00:06:38 (3717 turns).

Citaku the Covered (Minotaur Fighter)               Turns: 3717, Time: 00:06:39

HP:   -1/54 (61)    AC: 17    Str: 22    XL:     7   Next: 74%
MP:   6/6           EV:  9    Int:  5    God:
Gold: 161           SH:  5    Dex: 10    Spells: 6/6 levels left

rFire   . . .      SeeInvis .    r - +2 short sword (protect)
rCold   . . .      Faith    .    c - +0 buckler
rNeg    . . .      Spirit   .    b - +0 scale mail
rPois   .          Reflect  .    (helmet restricted)
rElec   .          Harm     .    n - +0 cloak
rCorr   .          Rampage  .    (no gloves)
Will    .....                    f - +0 pair of boots Stlth
                                 (no amulet)
HPRegen 0.29/turn                (no ring)
MPRegen 0.10/turn                (no ring)

@: under a protective aura, heavily drained
A: horns 2, retaliatory headbutt
a: no special abilities


You were on level 5 of the Dungeon.
You visited 1 branch of the dungeon, and saw 7 of its levels.
You also visited: Ossuary.

You collected 161 gold pieces.

Inventory:

Hand Weapons
 r - a +2 short sword of protection (weapon)
Armour
 b - a +0 scale mail (worn)
 c - a +0 buckler (worn)
 f - a +0 pair of boots (worn)
 n - a +0 cloak (worn)
Wands
 z - a wand of polymorph (7)
Scrolls
 a - a scroll of amnesia {unknown}
 d - 3 scrolls of teleportation {unknown}
 i - a scroll of identify {unknown}
 j - a scroll of brand weapon {unknown}
 k - a scroll of torment {unknown}
 l - 2 scrolls of immolation {unknown}
 m - 2 scrolls of enchant armour {unknown}
 q - a scroll of blinking {unknown}
 s - a scroll of poison {unknown}
 t - a scroll of enchant weapon {unknown}
 y - a scroll of acquirement {unknown}
Potions
 e - a potion of flight {unknown}
 g - 2 potions of heal wounds {unknown}
 h - 3 potions of brilliance {unknown}
 o - 4 potions of curing {unknown}
 p - 3 potions of invisibility {unknown}
 u - 4 potions of mutation {unknown}
 v - a potion of cancellation {unknown}
 w - a potion of ambrosia {unknown}
 A - a potion of haste {unknown}


   Skills:
 + Level 5.5 Fighting
 * Level 6.5 Axes
 * Level 7.1 Armour
 + Level 5.5 Shields


You had 6 spell levels left.
You didn't know any spells.
Your spell library contained the following spells:

 Spells                   Type           Power      Damage    Failure   Level
 Summon Small Mammal      Summ           0%         N/A       85%         1
 Call Canine Familiar     Summ           0%         N/A       99%         3
 Summon Guardian Golem    Hex/Summ       0%         N/A       99%         3


Dungeon Overview and Level Annotations

Branches:
Dungeon (7/15)            Ossuary (visited)
 Temple: D:4-7

Altars:
Gozag
Kikubaaqudgha
Vehumet
The Shining One

Shops:
D:3 (


Innate Abilities, Weirdness & Mutations

You have a pair of horns on your head.
You reflexively headbutt those who attack you in melee.


Message History

You hit the wight.
The wight is severely damaged.
You block the wight's attack. The wight barely misses you.
You hit the wight. Your headbutt misses the wight.
The wight is severely damaged.
The wight completely misses you. x2; You furiously retaliate!
You headbutt the wight.
The wight hits you with a +3 long sword!
The wight closely misses you.
You hit the wight.
You destroy the wight!
You block the wight's attack. The wight hits you with a +0 scimitar.
You feel drained.
Things that are here:
a +3 long sword; a +0 robe You hit the wight.
The wight is heavily damaged.
The wight hits you but does no damage.
You barely miss the wight. Your headbutt misses the wight.
The wight is heavily damaged.
The wight hits you with a +0 scimitar.
You feel drained.
* * * LOW HITPOINT WARNING * * *
You hit the wight but do no damage.
The wight is heavily damaged.
The wight hits you with a +0 scimitar.
* * * LOW HITPOINT WARNING * * *
You hit the wight but do no damage. You headbutt the wight!
The wight is almost destroyed.
The wight hits you with a +0 scimitar.
* * * LOW HITPOINT WARNING * * *
You feel drained.
* * * LOW HITPOINT WARNING * * *
You barely miss the wight.
You headbutt the wight, but do no damage.
The wight is almost destroyed.
The wight hits you but does no damage.
You closely miss the wight. Your headbutt misses the wight.
The wight is almost destroyed.
The wight hits you with a +0 scimitar!
You die...

..#.......#.........#....#.....+
###.......#.........#....#.....#
#........#..##....#######.....#
#........#..#########.. #.....#
#...######............. ......
######..##.............
#.................
#......##.)...##.
#......##z@...# #####..#.......#
#..#....>..# #..#......##
#..#......# +..#.>.....
##.....## #######


You could see a wight.

Vanquished Creatures
  Sigmund (D:2)
  An orc warrior (D:5)
  An ice beast (D:5)
  2 elf zombies (Ossuary)
  2 wights (D:5)
  2 orc priests (D:5)
  2 hounds (D:5)
  2 mummies (Ossuary)
  3 adders
  A white imp (D:6)
  An ufetubus (D:3)
  An adder zombie (Ossuary)
  2 worms (D:3)
  3 dart slugs
  9 orcs
  2 ball pythons (D:1)
  6 bats
  6 endoplasms
  4 giant cockroaches
  3 goblins
  5 hobgoblins
  5 kobolds
  2 quokkas (D:1)
  5 frilled lizards
  A goblin zombie (Ossuary)
  9 hobgoblin zombies (Ossuary)
  2 jackal zombies (Ossuary)
  11 kobold zombies (Ossuary)
  10 orc zombies (Ossuary)
  A quokka zombie (D:6)
  5 rats
  2 rat zombies
112 creatures vanquished.

Vanquished Creatures (others)
  A fungus (D:2)
  A plant (D:2)
2 creatures vanquished.

Grand Total: 114 creatures vanquished

Notes
Turn   | Place    | Note
-------+----------+-------------------------------------------
     0 | D:1      | Citaku the Minotaur Fighter began the quest for the Orb.
     0 | D:1      | Reached XP level 1. HP: 19/19 MP: 0/0
    88 | D:1      | Reached XP level 2. HP: 25/27 MP: 1/1
   108 | D:1      | Reached skill level 4 in Armour
   362 | D:1      | Reached XP level 3. HP: 29/33 MP: 2/2
   808 | D:2      | Found an opulent altar of Gozag.
   824 | D:2      | Noticed Sigmund
   840 | D:2      | Killed Sigmund
   841 | D:2      | Reached skill level 5 in Armour
   841 | D:2      | Reached XP level 4. HP: 28/41 MP: 3/3
   841 | D:2      | Reached XP level 5. HP: 32/47 MP: 4/4
  1481 | D:2      | Found a faded altar of an unknown god.
  1514 | D:3      | Found an ancient bone altar of Kikubaaqudgha.
  1840 | D:3      | Found a faded altar of an unknown god.
  1846 | D:3      | Found a glowing golden altar of the Shining One.
  1868 | D:3      | Found Lupponea's Weapon Shoppe.
  2151 | D:3      | Found a radiant altar of Vehumet.
  2473 | D:4      | You fall into a shaft and drop 3 floors!
  2542 | D:6      | Reached XP level 6. HP: 16/53 MP: 5/5
  2746 | D:6      | Found a sand-covered staircase.
  2771 | Ossuary  | Entered an ossuary
  2956 | Ossuary  | Reached skill level 5 in Axes
  2980 | Ossuary  | Reached skill level 6 in Armour
  3112 | Ossuary  | Reached skill level 5 in Shields
  3212 | D:5      | Entered Level 5 of the Dungeon
  3223 | D:5      | Noticed an orc warrior
  3230 | D:5      | Reached skill level 5 in Fighting
  3234 | D:5      | Reached XP level 7. HP: 39/61 MP: 6/6
  3704 | D:5      | Reached skill level 7 in Armour
  3717 | D:5      | Slain by a wight

Illustrated notes

Levels and vault maps discovered:
D:1:      lightli_arrival_isolated_outpost, layout_basic, minmay_cupped
D:2:      layout_loops_ring, shapermc_ecumenical_altar_hornbeckon, basic_altar,
          uniq_sigmund
D:3:      layout_loops_corners, nicolae_overflow_ecumenical_swirl,
          nicolae_overflow_crystal_walls, mainiacjoe_overflow_cross_hatched,
          serial_shops, nicolae_shop_bloodbath_and_beyond, feat_on_display
D:4:      nicolae_BIG_FREAKIN_CUBE, layout_loops_ring,
          grunt_temple_overflow_champion_of_chaos, old_standard_altar,
          mainiacjoe_overflow_catch_the_wave, kennysheep_generic_room_16
D:5:      layout_gridville
D:6:      layout_cave_pools, enter_ossuary_4, minmay_misc_feat_secret_circle,
          uniq_edmund
D:7:      layout_basic, mainiacjoe_overflow_catwalk, minmay_temple_entry_glass,
          gammafunk_ghost_necromancy

Skill      XL: |  1  2  3  4  5  6  7 |
---------------+----------------------+-----
Axes           | 3 4 5 6 |  6.5
Armour         | 4 5 6 7 |  7.1
Shields        | 4 5 |  5.5
Fighting       | 4 5 |  5.5

Action                   |  1- 3 |  4- 6 |  7- 9 || total
-------------------------+-------+-------+-------++-------
Melee: War axe           |    46 |    31 |       ||    77
       Headbutt          |     1 |    39 |    10 ||    50
       Short sword       |       |   144 |    53 ||   197
  Use: Potion            |     1 |     1 |       ||     2
Armor: Scale mail        |    45 |    98 |    30 ||   173
Dodge: Dodged            |    40 |    95 |    25 ||   160
Block: Buckler           |    17 |    45 |    13 ||    75

Table legend: (Time is in decaauts)
 A = Elapsed time spent in this place.
 B = Non-inter-level travel time spent in this place.
 C = Inter-level travel time spent in this place.
 D = Time resting spent in this place.
 E = Time spent auto-exploring this place.
 F = Levels seen in this place.
 G = Mean time per level.
                   A        B        C        D        E       F      G
               +--------+--------+--------+--------+--------+-----+--------+
         Total |   3766 |   3766 |      0 |     94 |   2632 |   8 |  470.8 |
       Dungeon |   3347 |   3347 |      0 |      0 |   2568 |   7 |  478.1 |
       Ossuary |    418 |    418 |      0 |     94 |     64 |   1 |  418.0 |
               +--------+--------+--------+--------+--------+-----+--------+

Top non-repeatable levels by time:
     D:3: 957 daAuts
     D:1: 817 daAuts
     D:2: 726 daAuts
     D:5: 507 daAuts
 Ossuary: 418 daAuts
     D:6: 281 daAuts
     D:7: 42 daAuts
     D:4: 14 daAuts
